 Dungeon Crawl Stone Soup version 0.30-a0-643-g638baaf3f0 (webtiles) character file.

Game seed: 6533404788473419615

1862 Fenrisus the Arsonist (level 8, -1/59 HPs)
             Began as a Red Draconian Fire Elementalist on Jan 15, 2023.
             Was an Initiate of Sif Muna.
             Slain by a phantom (5 damage)
             ... on level 7 of the Dungeon.
             The game lasted 00:50:03 (7701 turns).

Fenrisus the Arsonist (DrFE)                        Turns: 7701, Time: 00:50:03

Health: -1/59      AC:  6    Str:  9    XL:     8   Next: 90%
Magic:  17/17      EV: 12    Int: 25    God:    Sif Muna [......]
Gold:   252        SH:  0    Dex: 12    Spells: 12/19 levels left

rFire   + + +      SeeInvis .    g - +2 short sword (venom)
rCold   x . .      Faith    .    (no shield)
rNeg    + . .      Spirit   .    (body armour unavailable)
rPois   .          Reflect  .    (helmet restricted)
rElec   .          Harm     .    (no cloak)
rCorr   .          Rampage  .    (no gloves)
Will    .....                    (no boots)
Stlth   ++                       d - amulet of magic regeneration
HPRegen 0.29/turn                f - ring of protection from fire
MPRegen 0.55/turn                c - ring "Yvvepolu" {rF++ rC- rN+ Int+4}

@: marked, flying
A: breathe fire, AC +6, unfitting armour, fire resistance 1, cold-blooded, big
wings, clever 1
a: Breathe Fire, Renounce Religion


You were on level 7 of the Dungeon.
You worshipped Sif Muna.
Sif Muna was noncommittal.
You visited 2 branches of the dungeon, and saw 8 of its levels.
You also visited: Sewer.

You collected 252 gold pieces.

Inventory:

Hand Weapons
 g - a +2 short sword of venom (weapon)
 q - the +5 dagger "Toluapoe" {pain, rN+}
   (You found it on level 3 of the Dungeon)

   rN:        It protects you from negative energy.
Magical Staves
 p - a staff of earth
Jewellery
 b - an amulet of guardian spirit
 c - the ring "Yvvepolu" (right hand) {rF++ rC- rN+ Int+4}
   (You found it on level 6 of the Dungeon)

   [ring of positive energy]

   Int:       It affects your intelligence (+4).
   rF:        It greatly protects you from fire.
   rC:        It makes you vulnerable to cold.
   rN:        It protects you from negative energy.
 d - an amulet of magic regeneration (around neck)
 f - a ring of protection from fire (left hand)
 k - an amulet of regeneration
Wands
 j - a wand of digging (4)
Scrolls
 m - 3 scrolls of blinking
 s - a scroll of torment
 u - 2 scrolls of fear
 v - a scroll of poison
Potions
 a - a potion of magic
 e - a potion of resistance {unknown}
 h - 2 potions of attraction
 i - 2 potions of berserk rage
 l - 3 potions of haste
 n - 2 potions of might {unknown}
 o - a potion of heal wounds {unknown}
 r - a potion of lignification {unknown}
 t - a potion of degeneration {unknown}
 w - a potion of curing


   Skills:
 + Level 1.4 Fighting
 + Level 2.3 Short Blades
 + Level 2.5 Dodging
 + Level 2.9 Stealth
 + Level 1.0 Unarmed Combat
 + Level 6.1 Spellcasting
 + Level 5.7 Conjurations
 + Level 0.1 Translocations
 + Level 8.0 Fire Magic
 + Level 0.2 Air Magic


You had 12 spell levels left.
You knew the following spells:

 Your Spells              Type           Power      Damage    Failure   Level
a - Foxfire               Conj/Fire      100%       2x1d9     1%          1
b - Scorch                Fire           94%        2d9       1%          2
c - Flame Wave            Conj/Fire      42%        2d11      4%          4

Your spell library contained the following spells:

 Spells                   Type           Power      Damage    Failure   Level
 Inner Flame              Hex/Fire       27%        N/A       4%          3
 Hailstorm                Conj/Ice       22%        3d7       7%          3
 Kindle Blastsparks       Fire/Tloc/Air  42%        2d13      7%          3
 Ice Form                 Ice/Tmut       7%         N/A       58%         4
 Simulacrum               Ice/Necr       3%         N/A       100%        6


Dungeon Overview and Level Annotations

Branches:
Dungeon (7/15)             Temple (1/1) D:6           Sewer (visited)

Altars:
Ashenzari
Elyvilon
Fedhas
Gozag
Kikubaaqudgha
Makhleb
Nemelex Xobeh
Okawaru
Qazlal
Sif Muna
Trog
Xom
Yredelemnul
The Shining One


Innate Abilities, Weirdness & Mutations

You can breathe blasts of fire.
Your fiery red scales are hard. (AC +6)
You cannot fit into any form of body armour.
Your flesh is heat resistant. (rF+)
You are cold-blooded and may be slowed by cold attacks.
Your large and strong wings let you fly.
Your mind is acute. (Int +4, Str/Dex -1)


Message History

The centaur kicks you but does no damage.
The bullfrog hits you but does no damage.
You hit the centaur.
The centaur looks as sick as possible!
The centaur is heavily wounded.
The centaur closely misses you.
The centaur kicks you but does no damage.
The bullfrog swells and bulges.
The bullfrog hits you.
The sky beast hits you but does no damage.
You hit the centaur.
Your tail-slap misses the centaur.
The centaur is severely wounded.
The centaur hits you. The centaur barely misses you. The bullfrog hits you.
The sky beast hits you.
* * * LOW HITPOINT WARNING * * *
The sky beast shocks you.
* * * LOW HITPOINT WARNING * * *
You hit the centaur.
The centaur looks as sick as possible!
The centaur is severely wounded.
The centaur hits you.
* * * LOW HITPOINT WARNING * * *
The centaur kicks you.
* * * LOW HITPOINT WARNING * * *
The bullfrog barely misses you. The centaur misses you.
The centaur barely misses you. The sky beast barely misses you.
The bullfrog hits you.
* * * LOW HITPOINT WARNING * * *
You hit the centaur.
The centaur looks as sick as possible!
The centaur is almost dead.
The centaur misses you. The centaur kicks you.
* * * LOW HITPOINT WARNING * * *
The bullfrog hits you but does no damage.
You hit the centaur.
You kill the centaur!
Sif Muna accepts your kill. The bullfrog closely misses you.
The sky beast misses you.
An orc comes into view. It is wielding a +0 hand axe.
Your Short Blades skill increases to level 2!
You miss the phantom. The bullfrog barely misses you. The sky beast misses you.
The phantom hits you.
You die...

###..........## .
##.........#...######.
##....##....###........
.....###....# ##......#
#.....#...## #......#
#.......## #...(..#
##...o...# #......#
#YFW#...# #...()(#
##.@###..# #.......
#..## ##..##........
#..# ##...........
#..## .#####...#. ##.#
.# ##..## ..# # ##
#..## #... #. #...#
##.. ##..# #...# ##.
#.....######..<


You could see a sky beast, a phantom, a bullfrog and an orc.

Vanquished Creatures
  Prince Ribbit (D:5)
  A steam dragon (D:7)
  A black bear (D:5)
  An ogre (D:6)
  3 centaurs
  2 kobold brigands
  A gnoll sergeant (D:6)
  2 necrophages
  A scorpion (D:5)
  A howler monkey (D:5)
  3 hounds
  2 orc priests
  3 iguanas (D:6)
  5 orc wizards
  7 gnolls
  11 adders
  2 river rats (Sewer)
  A white imp (D:6)
  An ufetubus (D:4)
  3 worms
  2 dart slugs
  23 orcs
  5 bats
  10 endoplasms
  5 giant cockroaches
  7 goblins
  8 hobgoblins
  6 jackals
  2 quokkas
  10 ball pythons
  5 frilled lizards
  13 kobolds
  13 rats
161 creatures vanquished.

Vanquished Creatures (collateral kills)
  25 foxfires
25 creatures vanquished.

Vanquished Creatures (others)
  699 foxfires
  10 plants
709 creatures vanquished.

Grand Total: 895 creatures vanquished

Notes
Turn   | Place    | Note
-------+----------+-------------------------------------------
     0 | D:1      | Fenrisus the Draconian Fire Elementalist began the quest
                  | for the Orb.
     0 | D:1      | Reached XP level 1. HP: 14/14 MP: 3/3
   168 | D:1      | Reached XP level 2. HP: 20/20 MP: 0/5
   872 | D:1      | Reached XP level 3. HP: 26/26 MP: 4/6
  1063 | D:2      | Learned a level 3 spell: Kindle Blastsparks
  1078 | D:2      | You fall into a shaft and drop 1 floor!
  1231 | D:2      | Found a faded altar of an unknown god.
  1818 | D:2      | Reached XP level 4. HP: 33/33 MP: 5/8
  1899 | D:3      | Reached skill level 1 in Unarmed Combat
  2521 | D:3      | Reached XP level 5. HP: 38/38 MP: 5/9
  2664 | D:3      | Identified the +5 dagger "Toluapoe" {pain, rN+}
  2745 | D:3      | Reached skill level 4 in Fire Magic
  3446 | D:4      | Found a shimmering altar of Xom.
  4819 | D:5      | Entered Level 5 of the Dungeon
  4840 | D:5      | Noticed Prince Ribbit
  4845 | D:5      | Reached XP level 6. HP: 45/45 MP: 5/11
  4991 | D:5      | Found a glowing drain.
  5064 | Sewer    | Entered a sewer
  5771 | D:5      | Your scales start taking on a fiery red colour.
  5771 | D:5      | Reached skill level 5 in Fire Magic
  5771 | D:5      | Reached XP level 7. HP: 51/51 MP: 9/13
  5771 | D:5      | Gained mutation: Your flesh is heat resistant. (rF+) [Red
                  | Draconian growth]
  5801 | D:5      | Killed Prince Ribbit
  5802 | D:5      | Reached skill level 1 in Short Blades
  5802 | D:5      | Reached skill level 6 in Fire Magic
  5835 | D:5      | Reached skill level 5 in Spellcasting
  5944 | D:5      | Found a glowing golden altar of the Shining One.
  5947 | D:5      | Noticed an angel
  5950 | D:5      | Found a basalt altar of Yredelemnul.
  5953 | D:5      | Noticed a profane servitor
  6156 | D:6      | Reached XP level 8. HP: 58/58 MP: 11/15
  6180 | D:6      | Reached skill level 7 in Fire Magic
  6350 | D:6      | Identified the ring "Yvvepolu" {rF++ rC- rN+ Int+4}
  6472 | D:6      | Gained mutation: Your magical capacity is low. (-10% MP)
                  | [potion of mutation]
  6472 | D:6      | Gained mutation: You are resistant to electric shocks.
                  | (rElec) [potion of mutation]
  6472 | D:6      | Gained mutation: You are partially covered in large bone
                  | plates. (SH +4) [potion of mutation]
  6472 | D:6      | Gained mutation: You have a pair of small horns on your
                  | head. [potion of mutation]
  6473 | D:6      | Lost mutation: You are resistant to electric shocks.
                  | (rElec) [potion of mutation]
  6473 | D:6      | Lost mutation: You are partially covered in large bone
                  | plates. (SH +4) [potion of mutation]
  6473 | D:6      | Lost mutation: You have a pair of small horns on your head.
                  | [potion of mutation]
  6473 | D:6      | Gained mutation: Your magical capacity is very low. (-20%
                  | MP) [potion of mutation]
  6473 | D:6      | Gained mutation: You are agile. (Dex +4, Str/Int -1)
                  | [potion of mutation]
  6474 | D:6      | Lost mutation: Your magical capacity is very low. (-20% MP)
                  | [potion of mutation]
  6474 | D:6      | Lost mutation: Your magical capacity is low. (-10% MP)
                  | [potion of mutation]
  6474 | D:6      | Lost mutation: You are agile. (Dex +4, Str/Int -1) [potion
                  | of mutation]
  6474 | D:6      | Gained mutation: You have sharp toenails. [potion of
                  | mutation]
  6475 | D:6      | Lost mutation: You have sharp toenails. [potion of
                  | mutation]
  6475 | D:6      | Gained mutation: Your mind is acute. (Int +4, Str/Dex -1)
                  | [potion of mutation]
  6475 | D:6      | Gained mutation: You are covered in fur. (AC +1) [potion of
                  | mutation]
  6475 | D:6      | Gained mutation: You have a somewhat thin skeletal
                  | structure. (Dex +2, Stealth+) [potion of mutation]
  6475 | D:6      | Gained mutation: Your mind is very acute. (Int +8, Str/Dex
                  | -2) [potion of mutation]
  6476 | D:6      | Lost mutation: You have a somewhat thin skeletal structure.
                  | (Dex +2, Stealth+) [potion of mutation]
  6476 | D:6      | Lost mutation: Your mind is very acute. (Int +8, Str/Dex
                  | -2) [potion of mutation]
  6476 | D:6      | Lost mutation: You are covered in fur. (AC +1) [potion of
                  | mutation]
  6476 | D:6      | Gained mutation: Your large and strong wings let you fly.
                  | [potion of mutation]
  6688 | D:6      | Reached skill level 5 in Conjurations
  6806 | D:6      | Reached skill level 1 in Fighting
  7096 | D:6      | Found a staircase to the Ecumenical Temple.
  7107 | Temple   | Entered the Ecumenical Temple
  7169 | Temple   | Became a worshipper of Sif Muna the Loreminder
  7457 | D:7      | Learned a level 2 spell: Scorch
  7462 | D:7      | Learned a level 4 spell: Flame Wave
  7592 | D:7      | Reached skill level 8 in Fire Magic
  7658 | D:7      | Upgraded the game from 0.30-a0-636-g200c5c4a83 to
                  | 0.30-a0-643-g638baaf3f0
  7701 | D:7      | Slain by a phantom

Illustrated notes

Levels and vault maps discovered:
D:1:      lemuel_arrival_broad_hall, layout_basic, amcnicky_mini_pool_small
D:2:      layout_loops_ring, shapermc_ecumenical_altar_mp_highgroup,
          serial_bayou_pond_c
D:3:      minmay_diamond_boxcup, layout_rooms, kennysheep_generic_room_14
D:4:      layout_basic, xom_confusion_cloud, serial_bayou_crossing
D:5:      layout_rooms, grunt_temple_overflow_holy_war, gup_sewer_entry_glass,
          uniq_prince_ribbit1
D:6:      layout_rooms, minmay_temple_entry_overgrown
D:7:      layout_layer_cave, serial_shops, shop, dk_noncrumbling_2
Temple:   nicolae_temple_bog_church

Skill      XL: |  1  2  3  4  5  6  7  8 |
---------------+-------------------------+-----
Dodging        | 2 |  2.5
Stealth        | 2 |  2.9
Unarmed Combat | 1 |  1.0
Spellcasting   | 3 4 5 6 |  6.1
Conjurations   | 2 3 4 5 |  5.7
Fire Magic     | 4 5 6 8 |  8.0
Short Blades   | 1 2 |  2.3
Fighting       | 1 |  1.4
Translocations | |  0.1
Air Magic      | |  0.2

Action                   |  1- 3 |  4- 6 |  7- 9 || total
-------------------------+-------+-------+-------++-------
Melee: Unarmed           |    43 |       |       ||    43
       Tailslap          |     4 |    16 |     2 ||    22
       Punch             |     1 |     2 |       ||     3
       Short sword       |       |    59 |    16 ||    75
 Cast: Foxfire           |    90 |   208 |   133 ||   431
       Kindle Blastspark |     4 |       |       ||     4
       Flame Wave        |       |       |     6 ||     6
       Scorch            |       |       |     2 ||     2
  Use: Scroll            |     4 |     4 |     7 ||    15
       Potion            |       |       |     6 ||     6
Armor: Skin              |    11 |    27 |    16 ||    54
Dodge: Dodged            |    29 |    39 |    42 ||   110

Table legend: (Time is in decaauts)
 A = Elapsed time spent in this place.
 B = Non-inter-level travel time spent in this place.
 C = Inter-level travel time spent in this place.
 D = Time resting spent in this place.
 E = Time spent auto-exploring this place.
 F = Levels seen in this place.
 G = Mean time per level.
                   A        B        C        D        E       F      G
               +--------+--------+--------+--------+--------+-----+--------+
         Total |   7807 |   3462 |   4345 |   2017 |      0 |   9 |  867.4 |
       Dungeon |   7051 |   2786 |   4265 |   1748 |      0 |   7 | 1007.3 |
        Temple |     83 |      3 |     80 |      0 |      0 |   1 |   83.0 |
         Sewer |    672 |    672 |      0 |    269 |      0 |   1 |  672.0 |
               +--------+--------+--------+--------+--------+-----+--------+

Top non-repeatable levels by time:
     D:4: 2155 daAuts
     D:6: 1029 daAuts
     D:3: 968 daAuts
     D:2: 943 daAuts
     D:1: 927 daAuts
     D:5: 741 daAuts
   Sewer: 672 daAuts
     D:7: 285 daAuts
  Temple: 83 daAuts
